 Dungeon Crawl Stone Soup version 0.25-a0-940-gc6eaff51cc (webtiles) character file.

Game seed: 14075631600425434015, levelgen mode: classic

17 Amnesiac the Magician (level 2, -1/15 HPs)
             Began as a Deep Elf Wizard on May 5, 2020.
             Slain by a jackal (2 damage)
             ... on level 5 of the Dungeon.
             The game lasted 00:02:17 (662 turns).

Amnesiac the Magician (Deep Elf Wizard)              Turns: 662, Time: 00:02:17

Health: -1/15      AC:  2    Str:  4    XL:     2   Next: 44%
Magic:  6/9        EV: 13    Int: 22    God:
Gold:   10         SH:  0    Dex: 13    Spells: 5/10 levels left

rFire    . . .     SeeInvis .   a - +1 hunting sling
rCold    . . .     Gourm    .   (no shield)
rNeg     . . .     Faith    .   c - +0 robe
rPois    .         Spirit   .   (no helmet)
rElec    .         Reflect  .   (no cloak)
rCorr    .         Harm     .   (no gloves)
MR       .....     Rnd*Tele +   (no boots)
Stlth    ++........             (no amulet)
HPRegen  0.05/turn              b - ring of teleportation (curse)
MPRegen  0.11/turn              (no ring)

@: no status effects
A: no striking features
a: no special abilities


You were on level 5 of the Dungeon.
You were not hungry.

You visited 1 branch of the dungeon, and saw 5 of its levels.

You collected 10 gold pieces.

Inventory:

Hand Weapons
 a - a +1 hunting sling (weapon)
Armour
 c - a +0 robe (worn)
Jewellery
 b - a cursed ring of teleportation (left hand)
Comestibles
 d - a ration


   Skills:
 - Level 2.4 Dodging
 - Level 2.4 Stealth
 - Level 4.5 Spellcasting
 * Level 2.7 Conjurations
 - Level 1.1 Summonings
 - Level 1.1 Translocations


You had 5 spell levels left.
You knew the following spells:

 Your Spells              Type           Power        Failure   Level  Hunger
a - Magic Dart            Conj           ###.         3%          1    None
b - Call Imp              Summ           #.......     11%         2    #......
v - Blink                 Tloc           N/A          11%         2    #......

Your spell library contained the following spells:

 Spells                   Type           Power        Failure   Level  Hunger
 Slow                     Hex            #.......     16%         2    #......
 Conjure Flame            Conj/Fire      ##......     19%         3    ##.....
 Mephitic Cloud           Conj/Pois/Air  #.......     22%         3    ##.....


Dungeon Overview and Level Annotations

Branches:
Dungeon (5/15)
 Temple: D:4-7

Altars:
Nemelex Xobeh
Vehumet

Annotations:
D:4 exclusion: 3 doors


Message History

A closed door.
Placed new exclusion.
Reduced exclusion size to a single square.
You open the door.
Memorise Blink, consuming 2 spell levels and leaving 7?
You start memorising the spell.
You continue memorising. x2
You finish memorising.
Spell assigned to 'v'.
Memorise Call Imp, consuming 2 spell levels and leaving 5?
You start memorising the spell.
You continue memorising. x2
You finish memorising.
Spell assigned to 'b'.
There is an open door here.
Okay, then.
Found 10 gold pieces.
You feel strangely unstable.
You are suddenly yanked towards some nearby monsters!
Your surroundings suddenly seem different.
An orc priest comes into view. It is wielding a +0 short sword.
The orc priest shouts!
An orc priest comes into view. It is wielding a +0 flail.
The orc priest shouts!
An orc comes into view. It is wielding a +0 war axe.
The orc shouts!
An orc comes into view. It is wielding a +0 trident.
The orc shouts!
An orc comes into view. It is wielding a +0 mace.
The orc shouts!
Found an escape hatch in the floor.
The orc misses you. The orc closely misses you.
The orc priest hits you with a +0 short sword.
The orc priest barely misses you.
There is an escape hatch in the floor here.
The orc hits you with a +0 war axe. The orc completely misses you. x2
You slide downwards.
The hatch slams shut behind you. 4 jackals, 4 gnolls and a gnoll shaman come into view.
The jackal barks!
The gnoll shouts! x3; The jackal barks! x2
The gnoll shaman shouts!
Found a halberd and 33 gold pieces.
The jackal barely misses you. The gnoll hits you with a +0 spear!
* * * LOW HITPOINT WARNING * * *
Casting: Magic Dart (safe; 3% risk of failure)
Confirm with . or Enter, or press ? or * to list all spells.
Okay, then.
Casting: Magic Dart (safe; 3% risk of failure)
Confirm with . or Enter, or press ? or * to list all spells.
You blink.
Found a sparkling altar of Nemelex Xobeh.
You aren't carrying any scrolls.
Unknown command.
You aren't carrying any potions.
Unknown command.
Casting: Blink (safe; 11% risk of failure)
Confirm with . or Enter, or press ? or * to list all spells.
You blink.
The jackal closely misses you.
The gnoll shaman calls upon its god to speed up the gnoll.
The gnoll seems to speed up.
The jackal closely misses you. The jackal barely misses you.
The jackal closely misses you.
You open the door.
A scorpion comes into view.
The jackal bites you.
* * * LOW HITPOINT WARNING * * *
The gnoll barely misses you. The jackal bites you.
You die...

#.... s..
#..... ..
#..... ..#
#..... ..##.
##...# ......
#....##......
#.....'...#
#...h@#
##..oh##
##⌠.⌠og##
#..hggh.#
#.⌠.⌠.g.#
#.#g...##
#####......#
##.....#....#
#...........#


You could see a gnoll shaman, a scorpion (sleeping), 4 gnolls, 2 orcs and 4
jackals.

Vanquished Creatures
  An adder (D:2)
  A leopard gecko (D:1)
  An orc (D:3)
  A giant cockroach (D:2)
  A jackal (D:3)
  A kobold (D:2)
  A rat (D:1)
7 creatures vanquished.

Notes
Turn   | Place    | Note
-------+----------+-------------------------------------------
     0 | D:1      | Amnesiac the Deep Elf Wizard began the quest for the Orb.
     0 | D:1      | Reached XP level 1. HP: 10/10 MP: 7/7
   155 | D:2      | Reached XP level 2. HP: 5/15 MP: 0/9
   366 | D:3      | Found a radiant altar of Vehumet.
   367 | D:3      | Paralysed by a goblin for 4 turns
   636 | D:4      | Learned a level 2 spell: Blink
   639 | D:4      | Learned a level 2 spell: Call Imp
   652 | D:5      | Entered Level 5 of the Dungeon
   654 | D:5      | Found a sparkling altar of Nemelex Xobeh.
   662 | D:5      | Noticed a scorpion
   662 | D:5      | Slain by a jackal

Levels and vault maps discovered:
D:1:      tarquinn_simple_flora_water_e, layout_loops_cross
D:2:      minmay_wonky_spiral, layout_basic, first_ration
D:3:      layout_basic, old_standard_altar
D:4:      layout_gridville, serial_shops, shop_fountains, gammafunk_ghost_grave,
          moated_statue
D:5:      layout_gridville, nemelex_xobeh_ov_fountains_minmay, okawaru_trees_1,
          minmay_misc_feat_five, ebering_dispersal_statue_hall,
          uniq_blork_the_orc

Skill      XL: |  1 |
---------------+----+-----
Conjurations   | 2 |  2.7
Dodging        | |  2.4
Stealth        | |  2.4
Spellcasting   | |  4.5
Summonings     | |  1.1
Translocations | |  1.1

Action                   || total
-------------------------++-------
 Cast: Magic Dart        ||    24
       Blink             ||     2
  Use: Scroll            ||     1
Armor: Robe              ||     9
Dodge: Dodged            ||    33

Table legend:
 A = Non-vault XP
 B = Vault XP
 C = Vault XP percentage of total XP
 D = Non-vault monster count
 E = Vault monster count
 F = Vault count percentage of total count
                 A         B        C        D         E       F
            +---------+---------+-------+---------+---------+-------
      Total |      25 |       0 |   0.0 |       7 |       0 |   0.0
            +---------+---------+-------+---------+---------+-------
        D:1 |       4 |       0 |   0.0 |       2 |       0 |   0.0
        D:2 |      16 |       0 |   0.0 |       3 |       0 |   0.0
        D:3 |       5 |       0 |   0.0 |       2 |       0 |   0.0
            +---------+---------+-------+---------+---------+-------
